 Dungeon Crawl Stone Soup version 0.30-a0-347-gf58ed5266c (webtiles) character file.

Game seed: 5340302058055829995

3776 NinjaNoafa the Cleaver (level 9, -2/67 (79) HPs)
             Began as a Minotaur Fighter on Nov 4, 2022.
             Was a Believer of Uskayaw.
             Slain by a two-headed ogre
             ... wielding a +0 giant spiked club
              (11 damage)
             ... on level 8 of the Dungeon on Nov 6, 2022.
             The game lasted 00:17:43 (7448 turns).

NinjaNoafa the Cleaver (Minotaur Fighter)           Turns: 7448, Time: 00:17:44

HP:   -2/67 (79)    AC: 15    Str: 25    XL:     9   Next: 95%
MP:   7/13          EV:  6    Int:  5    God:    Uskayaw [**....]
Gold: 329           SH:  5    Dex: 16    Spells: 12/12 levels left

rFire   . . .      SeeInvis +    H - +2 morningstar
rCold   . . .      Faith    .    c - +0 buckler
rNeg    . . .      Spirit   .    J - +0 plate armour
rPois   .          Reflect  .    (helmet restricted)
rElec   .          Harm     .    I - +0 cloak
rCorr   +          Rampage  .    (no gloves)
Will    .....                    k - +0 pair of boots
Stlth   ..........               i - amulet of the acrobat
HPRegen 0.31/turn                n - +6 ring of dexterity
MPRegen 0.13/turn                s - ring of resist corrosion

@: heavily drained
A: horns 2, retaliatory headbutt, see invisible, MP-powered wands
a: Renounce Religion, Stomp, Line Pass


You were on level 8 of the Dungeon.
You worshipped Uskayaw.
Uskayaw was noncommittal.
You visited 2 branches of the dungeon, and saw 9 of its levels.

You collected 329 gold pieces.

Inventory:

Hand Weapons
 H - a +2 morningstar (weapon)
Missiles
 a - 2 throwing nets
 d - 2 boomerangs
 e - a poisoned dart
 h - 64 stones
 r - 2 javelins (quivered)
 M - a curare-tipped dart
Armour
 c - a +0 buckler (worn)
 k - a +0 pair of boots (worn)
 I - a +0 cloak (worn)
 J - a +0 plate armour (worn)
Jewellery
 i - an amulet of the acrobat (around neck)
 n - a +6 ring of dexterity (left hand)
 s - a ring of resist corrosion (right hand)
Wands
 y - a wand of polymorph (9)
 F - a wand of roots (5)
 G - a wand of acid (5)
 K - a wand of digging (4)
Scrolls
 b - a scroll of enchant weapon {unknown}
 f - a scroll of immolation {unknown}
 g - 3 scrolls of teleportation {unknown}
 l - 2 scrolls of amnesia {unknown}
 p - 2 scrolls of poison {unknown}
 q - a scroll of vulnerability {unknown}
 t - 2 scrolls of butterflies {unknown}
 u - 3 scrolls of blinking {unknown}
 w - 2 scrolls of enchant armour {unknown}
 x - 3 scrolls of fear {unknown}
 E - a scroll of noise {unknown}
 N - a scroll of brand weapon {unknown}
 O - a scroll of identify
Potions
 j - a potion of haste
 m - 2 potions of heal wounds
 o - a potion of mutation
 v - 2 potions of attraction
 z - 5 potions of curing
 A - 2 potions of ambrosia
 B - a potion of might
 C - a potion of brilliance {unknown}
 D - 2 potions of magic {unknown}
 L - a potion of resistance {unknown}


   Skills:
 - Level 7.0 Fighting
 - Level 9.0(9.9) Axes
 + Level 6.6(8.8) Maces & Flails
 - Level 7.0 Armour
 - Level 5.0 Shields
 - Level 2.0 Spellcasting
 + Level 7.2 Invocations


You had 12 spell levels left.
You didn't know any spells.
Your spell library contained the following spells:

 Spells                   Type           Power      Damage    Failure   Level
 Slow                     Hex            0%         N/A       100%        1
 Summon Small Mammal      Summ           0%         N/A       100%        1
 Call Canine Familiar     Summ           0%         N/A       100%        3
 Confusing Touch          Hex            0%         N/A       100%        3
 Summon Guardian Golem    Hex/Summ       0%         N/A       100%        3
 Vampiric Draining        Necr           0%         2d6       100%        3


Dungeon Overview and Level Annotations

Branches:
Dungeon (8/15)             Temple (1/1) D:4
   Lair: D:8-11

Altars:
Ashenzari
Cheibriados
Dithmenos
Elyvilon
Fedhas
Gozag
Kikubaaqudgha
Makhleb
Nemelex Xobeh
Okawaru
Qazlal
Ru
Sif Muna
Trog
Uskayaw
Vehumet
Wu Jian
Xom
Yredelemnul
Zin
The Shining One

Shops:
D:8 *(*


Innate Abilities, Weirdness & Mutations

You have a pair of horns on your head.
You reflexively headbutt those who attack you in melee.
You have supernaturally acute eyesight. (SInv)
You expend magic power (3 MP) to strengthen your wands.


Message History

a +0 dagger; a +0 robe; an orc corpse
Things that are here:
a +0 dagger; a +0 robe; an orc corpse
Things that are here:
a +0 club; a +0 ring mail
Items here: )) [ ††.
A two-headed ogre comes into view.
It is wielding a +0 giant spiked club and a +0 dire flail.
The two-headed ogre shouts in stereo!
A two-headed ogre is nearby!
Aiming: Corrosive Bolt
Press: ? - help, Shift-Dir - straight line, f - two-headed ogre
Aim: a two-headed ogre, wielding a +0 giant spiked club and a +0 dire flail (86% to hit)
You feel a surge of power!
The bolt of acid hits the two-headed ogre!!
The acid corrodes the two-headed ogre!
The two-headed ogre is heavily wounded.
The two-headed ogre hits you with a +0 giant spiked club!
The two-headed ogre hits you with a +0 dire flail!
You hit the two-headed ogre.
The two-headed ogre is heavily wounded.
You can now pass through a line of other dancers.
You closely miss the two-headed ogre.
The two-headed ogre is heavily wounded.
The two-headed ogre hits you with a +0 giant spiked club!
The two-headed ogre hits you with a +0 dire flail!
You barely miss the two-headed ogre.
The two-headed ogre is heavily wounded.
The two-headed ogre hits you but does no damage.
The two-headed ogre barely misses you.
Aiming: Corrosive Bolt
Press: ? - help, Shift-Dir - straight line, f/p - two-headed ogre
Aim: a two-headed ogre, wielding a +0 giant spiked club and a +0 dire flail (heavily wounded, covered in acid, 86% to hit)
You feel a surge of power!
The bolt of acid hits the two-headed ogre!
The two-headed ogre seems to be corroded for longer.
The two-headed ogre is severely wounded.
The two-headed ogre hits you with a +0 giant spiked club!!
* * * LOW HITPOINT WARNING * * *
The two-headed ogre hits you with a +0 dire flail!
You die...

.##....###...#
##..##..##.)..##
###....#
#...##..##..##..##....##
#..............#..
#....#....## ........
.....#. #....#......
........ ....#
#....#...... # #..#
##..###..###
###.##..######..###..###
............#....#....#.
.......@....'....#....#.
.###..O.##..##...#....#.
#....##..############
.......#.)))# #
........#....#
........#....#
..#..#..###.## ######..#
###


You could see a two-headed ogre (corroded).

Vanquished Creatures
  Duvessa (D:4)
  3 orc warriors
  2 ice beasts (D:7)
  5 ogres
  2 centaurs
  A phantom (D:6)
  A kobold brigand (D:8)
  Blork the orc (D:6)
  2 bullfrogs
  2 scorpions
  2 necrophages
  16 wights
  Dowan (D:4)
  4 howler monkeys
  A jelly (D:8)
  6 orc priests
  4 hounds
  An iguana (D:5)
  8 orc wizards
  9 adders
  17 gnolls
  3 shadow imps
  An ufetubus (D:6)
  A worm (D:4)
  2 dart slugs
  47 orcs
  2 ball pythons (D:4)
  6 bats
  10 endoplasms
  A giant cockroach (D:3)
  4 goblins
  4 hobgoblins
  22 jackals
  2 quokkas
  3 training dummies (D:8)
  7 frilled lizards
  8 kobolds
  6 rats
218 creatures vanquished.

Vanquished Creatures (others)
  2 plants (D:4)
2 creatures vanquished.

Grand Total: 220 creatures vanquished

Notes
Turn   | Place    | Note
-------+----------+-------------------------------------------
     0 | D:1      | NinjaNoafa the Minotaur Fighter began the quest for the
                  | Orb.
     0 | D:1      | Reached XP level 1. HP: 19/19 MP: 0/0
    41 | D:1      | Reached skill level 3 in Axes
    96 | D:1      | Reached XP level 2. HP: 24/26 MP: 1/1
   535 | D:1      | Reached skill level 4 in Axes
   937 | D:2      | Reached XP level 3. HP: 31/31 MP: 2/2
  1338 | D:2      | Identified the +8 dagger of Qiofelaxa {venom, *Corrode rN+
                  | Dex+6}
  1692 | D:2      | Found a faded altar of an unknown god.
  1876 | D:3      | Reached skill level 5 in Axes
  1884 | D:3      | Reached XP level 4. HP: 27/40 MP: 3/3
  2019 | D:3      | Found Gyme's Antique Armour Shop.
  2058 | D:3      | Found a sparkling altar of Nemelex Xobeh.
  2339 | D:3      | Found an opulent altar of Gozag.
  2342 | D:3      | Found a white marble altar of Elyvilon.
  2346 | D:3      | Found an ancient bone altar of Kikubaaqudgha.
  2478 | D:4      | Noticed an ogre
  2483 | D:4      | Killed an ogre
  2484 | D:4      | Reached skill level 5 in Fighting
  2484 | D:4      | Reached skill level 5 in Armour
  2484 | D:4      | Reached XP level 5. HP: 48/48 MP: 4/4
  2485 | D:4      | Found a staircase to the Ecumenical Temple.
  2503 | Temple   | Entered the Ecumenical Temple
  2682 | D:4      | Reached skill level 6 in Axes
  2682 | D:4      | Reached XP level 6. HP: 44/56 MP: 5/5
  2961 | Temple   | Became a worshipper of Uskayaw the Reveller
  3004 | D:4      | Reached * piety under Uskayaw
  3136 | D:4      | Reached ** piety under Uskayaw
  3141 | D:4      | Noticed Duvessa
  3145 | D:4      | Noticed Dowan
  3150 | D:4      | Reached *** piety under Uskayaw
  3151 | D:4      | Killed Duvessa
  3152 | D:4      | Reached skill level 7 in Axes
  3153 | D:4      | Reached **** piety under Uskayaw
  3159 | D:4      | Killed Dowan
  3373 | D:4      | Reached skill level 8 in Axes
  3373 | D:4      | Reached XP level 7. HP: 13/61 MP: 6/6
  3623 | D:4      | Reached skill level 9 in Axes
  4016 | D:4      | Reached ***** piety under Uskayaw
  4064 | D:4      | Reached XP level 8. HP: 53/70 MP: 7/7
  4325 | D:5      | Entered Level 5 of the Dungeon
  4344 | D:5      | Reached skill level 5 in Shields
  4797 | D:6      | Noticed Blork the orc
  4811 | D:6      | Killed Blork the orc
  4812 | D:6      | Reached skill level 1 in Spellcasting
  4892 | D:6      | Found a sacrificial altar of Ru.
  4894 | D:6      | Found a glowing golden altar of the Shining One.
  4897 | D:6      | Found a shadowy altar of Dithmenos.
  4947 | D:6      | Found a basalt altar of Yredelemnul.
  4996 | D:6      | Reached skill level 1 in Invocations
  5041 | D:6      | Found a snail-covered altar of Cheibriados.
  5211 | D:6      | Reached skill level 1 in Maces & Flails
  5211 | D:6      | Reached XP level 9. HP: 75/79 MP: 11/11
  5797 | D:7      | Reached skill level 5 in Invocations
  6147 | D:7      | Reached skill level 5 in Maces & Flails
  6708 | D:8      | Found Soon's Assorted Antiques.
  6871 | D:8      | Gained mutation: You sometimes lose your temper in combat.
                  | [potion of mutation]
  6911 | D:8      | Found Raoffo's Firing Range.
  7097 | D:8      | Found Daoc's Lightly-Used Armoury.
  7103 | D:8      | Upgraded the game from 0.30-a0-341-g682706514a to
                  | 0.30-a0-347-gf58ed5266c
  7284 | D:8      | Lost mutation: You sometimes lose your temper in combat.
                  | [potion of mutation]
  7284 | D:8      | Gained mutation: You have supernaturally acute eyesight.
                  | (SInv) [potion of mutation]
  7284 | D:8      | Gained mutation: You expend magic power (3 MP) to
                  | strengthen your wands. [potion of mutation]
  7441 | D:8      | Noticed a two-headed ogre
  7448 | D:8      | Slain by a two-headed ogre

Illustrated notes

Levels and vault maps discovered:
D:1:      minmay_arrival_wavy_path, layout_basic, minmay_octomino_e4
D:2:      layout_basic, serial_co_window_serial, co_window_paths_a,
          co_window_paths_a, co_window_corner_a, co_window_cross_1,
          co_window_paths_a, co_window_paths_b, co_window_paths_a,
          co_window_cross_4, co_window_2corner, co_window_unsneaky_path_e,
          co_window_cross_3, co_window_unsneaky_path_a, co_window_2corner,
          co_window_paths_d, glass_columns_b, glass_columns_c,
          shapermc_ecumenical_altar_petra
D:3:      layout_rooms, mainiacjoe_overflow_paths,
          grunt_temple_overflow_diamond, serial_shops, nicolae_square_shop
D:4:      lemuel_castle_with_subvaults [lemuel_castle_interior_carwin_3],
          layout_basic, minmay_temple_entry_statues_pillars, uniq_duvessa
D:5:      layout_rooms
D:6:      layout_cave_pools, kennysheep_slug_shrine, grunt_temple_overflow_open,
          kennysheep_little_box, uniq_blork_the_orc
D:7:      layout_basic
D:8:      layout_gridville, serial_shops, nicolae_stop_n_shop_1,
          corexii_leaking_fountain, grunt_decor_mini_mirrors,
          minmay_shop_damaged, nicolae_shop_firing_range
Temple:   hellmonk_temple_forest_ring

Skill      XL: |  1  2  3  4  5  6  7  8  9 |
---------------+----------------------------+-----
Axes           | 3 4 5 6 8 9 |  9.0
Fighting       | 5 7 |  7.0
Armour         | 5 7 |  7.0
Shields        | 4 5 |  5.0
Spellcasting   | 2 |  2.0
Invocations    | 3 7 |  7.2
Maces & Flails | 1 6 |  6.6

Action                   |  1- 3 |  4- 6 |  7- 9 || total
-------------------------+-------+-------+-------++-------
Melee: War axe           |    76 |    93 |    49 ||   218
       Headbutt          |     7 |    13 |    51 ||    71
       Dagger            |     2 |       |       ||     2
       Hand axe          |       |       |    99 ||    99
       Flail             |       |       |    29 ||    29
       Morningstar       |       |       |   101 ||   101
Throw: Boomerang         |       |       |    12 ||    12
       Javelin           |       |       |     2 ||     2
Invok: Stomp             |       |       |     5 ||     5
Evoke: Wand              |       |       |     2 ||     2
  Use: Potion            |       |     2 |     3 ||     5
       Scroll            |       |       |     5 ||     5
 Stab: Paralysed         |       |     3 |    23 ||    26
       Invisible         |       |     1 |       ||     1
Armor: Scale mail        |    35 |    14 |       ||    49
       Chain mail        |       |    35 |   105 ||   140
       Plate armour      |       |       |    48 ||    48
Dodge: Dodged            |    54 |    50 |   146 ||   250
Block: Buckler           |    15 |    31 |    77 ||   123

Table legend: (Time is in decaauts)
 A = Elapsed time spent in this place.
 B = Non-inter-level travel time spent in this place.
 C = Inter-level travel time spent in this place.
 D = Time resting spent in this place.
 E = Time spent auto-exploring this place.
 F = Levels seen in this place.
 G = Mean time per level.
                   A        B        C        D        E       F      G
               +--------+--------+--------+--------+--------+-----+--------+
         Total |   7551 |   6743 |    808 |      0 |   5193 |   9 |  839.0 |
       Dungeon |   7380 |   6591 |    789 |      0 |   5060 |   8 |  922.5 |
        Temple |    171 |    152 |     19 |      0 |    133 |   1 |  171.0 |
               +--------+--------+--------+--------+--------+-----+--------+

Top non-repeatable levels by time:
     D:4: 1571 daAuts
     D:7: 1102 daAuts
     D:2: 1062 daAuts
     D:3: 935 daAuts
     D:1: 911 daAuts
     D:8: 761 daAuts
     D:6: 520 daAuts
     D:5: 516 daAuts
  Temple: 171 daAuts
